 Dungeon Crawl Stone Soup version 0.29-a0-322-g68df515428 (webtiles) character file.

Game seed: 13413614323776470445

143 Alarak the Chopper (level 5, 0/46 HPs)
             Began as a Hill Orc Monk on Apr 8, 2022.
             Slain by a water moccasin (7 damage)
             ... on level 5 of the Dungeon.
             The game lasted 00:05:01 (3033 turns).

Alarak the Chopper (Hill Orc Monk)                  Turns: 3033, Time: 00:05:01

Health: 0/46       AC:  5    Str: 16    XL:     5   Next: 25%
Magic:  5/5        EV:  9    Int: 10    God:
Gold:   91         SH:  7    Dex: 13    Spells: 4/4 levels left

rFire   + . .      SeeInvis .   a - +1 hand axe
rCold   + . .      Faith    .   h - +0 kite shield
rNeg    . . .      Spirit   .   f - +0 ring mail
rPois   +          Reflect  .   (no helmet)
rElec   +          Harm     .   (no cloak)
rCorr   +          Rampage  .   (no gloves)
Will    .....                   (no boots)
Stlth   +.........              (no amulet)
HPRegen 0.15/turn               (no ring)
MPRegen 0.09/turn               (no ring)

@: resistant
A: no striking features
a: no special abilities


You were on level 5 of the Dungeon.
You visited 1 branch of the dungeon, and saw 5 of its levels.

You collected 91 gold pieces.

Inventory:

Hand Weapons
 a - a +1 hand axe (weapon)
Armour
 f - a +0 ring mail (worn)
 h - a +0 kite shield (worn)
Wands
 c - a wand of paralysis (3)
Scrolls
 e - 2 scrolls of identify
 g - a scroll of enchant armour


   Skills:
 + Level 4.0 Fighting
 + Level 6.3 Axes
 + Level 2.5 Armour
 - Level 2.4 Dodging
 - Level 1.5 Stealth
 + Level 0.9 Shields


You had 4 spell levels left.
You didn't know any spells.
Your spell library contained the following spells:

 Spells                   Type           Power      Damage    Failure   Level
 Magic Dart               Conj           0%         1d3       94%         1
 Searing Ray              Conj           0%         2d4       98%         2
 Fulminant Prism          Conj/Hex       0%         3d6       100%        4


Dungeon Overview and Level Annotations

Branches:
Dungeon (6/15)
 Temple: D:4-7

Altars:

Shops:
D:2 (

Annotations:
D:6 Pikel


Message History

* * * LOW HITPOINT WARNING * * *
The lemure closely misses you. The lemure hits you but does no damage.
You block the lemure's attack.
Found a scroll labelled ONOASE OCSEITH.
As you read the scroll labelled CIROOJY HETEMNY, it crumbles to dust.
It is a scroll of identify.
g - a scroll of enchant armour
Press: ? - help, v - describe, . - travel, g - get item Item here: a scroll labelled ONOASE OCSEITH.
The floor.
As you read the scroll labelled PISOVV MESCHUH BOCS, it crumbles to dust.
You feel strangely unstable.
It was a scroll of teleportation.
The lemure hits you.
* * * LOW HITPOINT WARNING * * *
Found a stone staircase leading up.
Your surroundings suddenly seem different.
A water moccasin comes into view.
The water moccasin hisses angrily.
Found a scale mail.
Found 9 gold pieces.
Found 15 gold pieces.
Found 3 scrolls of identify.
You see here 9 gold pieces.
You see here 15 gold pieces.
As you read the scroll labelled IQOELU ONUURGH, it crumbles to dust.
You hear a loud clanging noise!
It was a scroll of noise.
As you read the scroll of teleportation, it crumbles to dust.
You feel strangely unstable.
It was a potion of cancellation.
You feel strangely stable.
Your magical effects are unravelling.
You feel magically purged.
You feel yourself slow down.
It was a potion of resistance.
You feel protected. The water moccasin barely misses you.
You block the water moccasin's attack.
It was a potion of magic.
Magic courses through your body. The water moccasin bites you!
You die...

########
#......# .
#......# ..
#......# ....
#@.....#
.....##S....#
.....##.....#
.....?......#
............#
............#
##...##..$..#
#...##.....#
............#


You could see a water moccasin.

Vanquished Creatures
  A lemure (D:6)
  A scorpion (D:6)
  A hound (D:6)
  2 adders
  A worm (D:2)
  2 dart slugs
  2 ball pythons (D:1)
  5 endoplasms (D:1)
  2 goblins (D:2)
  A hobgoblin (D:1)
  2 jackals (D:1)
  A quokka (D:1)
  5 bats
  4 frilled lizards
  A kobold (D:1)
  3 rats (D:1)
34 creatures vanquished.

Vanquished Creatures (others)
  A plant (D:2)
1 creature vanquished.

Grand Total: 35 creatures vanquished

Notes
Turn   | Place    | Note
-------+----------+-------------------------------------------
     0 | D:1      | Alarak the Hill Orc Monk began the quest for the Orb.
     0 | D:1      | Reached XP level 1. HP: 19/19 MP: 1/1
   261 | D:1      | Reached XP level 2. HP: 26/26 MP: 2/2
   299 | D:1      | Reached skill level 5 in Axes
   833 | D:1      | Found a faded altar of an unknown god.
   879 | D:1      | Reached XP level 3. HP: 31/31 MP: 3/3
  1310 | D:2      | Found Gegoprem's Weapon Boutique.
  1566 | D:2      | HP: 1/33 [worm (8)]
  1750 | D:2      | Reached skill level 1 in Armour
  2386 | D:3      | You fall into a shaft and drop 3 floors!
  2435 | D:6      | Reached skill level 6 in Axes
  2435 | D:6      | Reached XP level 4. HP: 19/40 MP: 4/4
  2605 | D:6      | Noticed a lemure
  2649 | D:6      | HP: 2/40 [lemure[Pikel] (3)]
  2651 | D:6      | Killed a lemure
  2953 | D:6      | Noticed a lemure
  2953 | D:6      | Noticed a lemure
  2954 | D:6      | Noticed Pikel
  2954 | D:6      | Noticed a lemure
  2954 | D:6      | Noticed a scorpion
  2979 | D:6      | Killed a scorpion
  2980 | D:6      | Reached XP level 5. HP: 19/46 MP: 5/5
  2982 | D:5      | Entered Level 5 of the Dungeon
  3000 | D:5      | Noticed a water moccasin
  3033 | D:5      | Slain by a water moccasin

Illustrated notes

Levels and vault maps discovered:
D:1:      ebering_trefoil_twist, layout_basic, ebering_ecumenical_altar_rust,
          minmay_misc_feat_four_crosses, minmay_misc_feat_room,
          hangedman_glass_teeth
D:2:      layout_loops_ring, serial_shops, nicolae_shop_bloodbath_and_beyond,
          serial_forest, infiniplex_forest_end_3, infiniplex_forest_end_2,
          infiniplex_forest_fountain, infiniplex_forest_3_way,
          infiniplex_forest_lined_corner, infiniplex_forest_side_room
D:3:      layout_basic, ebering_ghost_sewer_f
D:5:      layout_gridville, mainiacjoe_overflow_paths, uniq_ijyb
D:6:      layout_layer_cave, uniq_pikel

Skill      XL: |  1  2  3  4 |
---------------+-------------+-----
Axes           | 5 6 |  6.3
Armour         | 1 2 |  2.5
Fighting       | 4 |  4.0
Dodging        | |  2.4
Stealth        | |  1.5
Shields        | |  0.9

Action                   |  1- 3 |  4- 6 || total
-------------------------+-------+-------++-------
Melee: Hand axe          |   119 |    34 ||   153
       Punch             |     1 |       ||     1
  Use: Potion            |     1 |     4 ||     5
       Scroll            |       |     6 ||     6
 Stab: Sleeping          |     1 |       ||     1
Armor: Ring mail         |    49 |     9 ||    58
Dodge: Dodged            |    68 |    17 ||    85
Block: Kite shield       |    12 |    12 ||    24

Table legend: (Time is in decaauts)
 A = Elapsed time spent in this place.
 B = Non-inter-level travel time spent in this place.
 C = Inter-level travel time spent in this place.
 D = Time resting spent in this place.
 E = Time spent auto-exploring this place.
 F = Levels seen in this place.
 G = Mean time per level.
                   A        B        C        D        E       F      G
               +--------+--------+--------+--------+--------+-----+--------+
         Total |   3040 |   2827 |    213 |    974 |   1437 |   5 |  608.0 |
       Dungeon |   3040 |   2827 |    213 |    974 |   1437 |   5 |  608.0 |
               +--------+--------+--------+--------+--------+-----+--------+

Top non-repeatable levels by time:
     D:1: 1236 daAuts
     D:2: 1044 daAuts
     D:6: 605 daAuts
     D:3: 118 daAuts
     D:5: 35 daAuts
